Workbook
Name Text38: Auswertung!#REF!
Name Text38: Validierung!#REF!
Name Text71: Rückfragen!$A$4

Sheet Deckblatt
C4: Ergebnis der Validierung zum
C5: Verfahren | D5: 2026 / 2027
C6: Validierung | D6: Unternehmen
C7: Zeitraum Validierung | D7: xxx 2026
B11: Prüf ID Nummer: | C11: 2026 xx xxxx
B13: Name des Unternehmens | C13: =Unternehmen!D7 -> 0
B14: Markenname
B15: Adresse | C15: =Unternehmen!D8 -> 0
B16: Branche | C16: =Unternehmen!D9 -> 0
B18: Ergebnis
C19: Mögliche Punkte | D19: Erreichte Punkte | E19: Anteil
B20: =Unternehmen!C20 -> Unternehmenszweck | C20: =Unternehmen!D20 -> 15 | D20: =Unternehmen!E20 -> 0 | E20: =D20/C20 -> 0
B21: =Unternehmen!C21 -> Nachhaltigkeit/Umweltmanagement-Systeme | C21: =Unternehmen!D21 -> 15 | D21: =Unternehmen!E21 -> 0 | E21: =D21/C21 -> 0
B22: =Unternehmen!C22 -> Energieverbrauch | C22: =Unternehmen!D22 -> 10 | D22: =Unternehmen!E22 -> 0 | E22: =D22/C22 -> 0
B23: =Unternehmen!C23 -> Resourcenverbrauch | C23: =Unternehmen!D23 -> 10 | D23: =Unternehmen!E23 -> 0 | E23: =D23/C23 -> 0
B24: =Unternehmen!C24 -> Emissionen | C24: =Unternehmen!D24 -> 5 | D24: =Unternehmen!E24 -> 0 | E24: =D24/C24 -> 0
B25: =Unternehmen!C25 -> Mobilität | C25: =Unternehmen!D25 -> 10 | D25: =Unternehmen!E25 -> 0 | E25: =D25/C25 -> 0
B26: =Unternehmen!C26 -> Wasserverbrauch | C26: =Unternehmen!D26 -> 10 | D26: =Unternehmen!E26 -> 0 | E26: =D26/C26 -> 0
B27: =Unternehmen!C27 -> Abfallstrategie | C27: =Unternehmen!D27 -> 10 | D27: =Unternehmen!E27 -> 0 | E27: =D27/C27 -> 0
B28: =Unternehmen!C28 -> Bewusstseinsbildung | C28: =Unternehmen!D28 -> 10 | D28: =Unternehmen!E28 -> 0 | E28: =D28/C28 -> 0
B29: =Unternehmen!C29 -> Förderung nachhaltigen Konsums | C29: =Unternehmen!D29 -> 5 | D29: =Unternehmen!E29 -> 0 | E29: =D29/C29 -> 0
B30: Summe | C30: =Unternehmen!D30 -> 100 | D30: =Unternehmen!E30 -> 0 | E30: =D30/C30 -> 0
B32: validiert von:
C36: ALLPLAN GmbH
C37: Schwindgasse 10, 1040 Wien
C38: www.allplan.at
B40: Mit Erreichen / Übertreffen der geforderten Benchmark von 51 % wird - gemäß den Statuten der
B41: geschützten EU-Gewährleistungsmarke - das GREEN BRAND Germany 2026/2027 Gütesiegel
B42: verliehen!
B44: Gültigkeit bis 31.12.2027
B46: Norbert R. L u x
B47: Geschäftsführer

Sheet Basisinformationen
M3: Ausfüllhilfe / Legende
M4: Markierung / Feld | N4: Art | O4: Was ist zu tun?
M5: Blaues Feld | N5: Freitextfeld | O5: bitte geforderte Daten/Erklärungen einfügen
M6: Oranges Feld | N6: Auswahlfeld | O6: Bitte eine Antwort aus dem Dropdown-Menü auswählen.
N7: □ Kästchen | O7: Bitte ein „X“ statt dem Kästchen neben der zutreffenden Antwort eintragen. Mehrfachauswahl ist möglich, wenn mehrere Antworten zutreffen.
M8: Unterstrichener Text | N8: Verweis auf Tabellenblatt | O8: Bitte die markierten Zellen in der dazugehörigen Tabelle im Blatt „Tabellen“ ausfüllen.
M9: Spalte: "Erforderlicher Nachweis" | N9: Erforderlicher Nachweis | O9: Bitte passende Dokumente oder Angaben beifügen, z. B. Rechnungen, Zertifikate oder Auswertungen und die konkrete Dokumentbezeichnung/den link in der Spalte "erforderlicher Nachweis" eintragen.
M11: Bitte vergewissern Sie sich bei Einreichung, - dass alle Fragen umfassend beantwortet wurden - alle beizufügenden Dokumente auch mitgesandt werden (ggf. via wetransfer) - und bei den entsprechenden Fragen die konkrete Dokumentbezeichnung genannt wird. Hinweis: ein Verweis z.B. „siehe unseren Nachhaltigkeitsbericht“ genügt nicht, sondern bitte immer einen Hinweis/link zur entsprechenden Passage anführen. Damit vermeiden Sie unnötige Nachfragen bei der Auswertung, die Zeit kosten und auch höhere Gebühren zur Folge haben können! – Danke!

Sheet Unternehmen
C3: Unternehmensfragebogen
C7: Name des Unternehmens
C8: Adresse
C9: Branche
C10: Beschreibung des Geschäftszweckes
C11: Rechtsform
C12: Anzahl Mitarbeiter
C13: Jahresumsatz des Unternehmens
C14: Kontaktperson/ Funktion
C15: e-mail
C16: Telefon
C18: Ergebnis
D19: Mögliche Punkte | E19: Erreichte Punkte | F19: Anteil | H19: Jahr 1 | I19: Jahr 2 | J19: Jahr 3
C20: =Validierung!B4 -> Unternehmenszweck | D20: =Auswertung!H5 -> 15 | E20: =SUM(Auswertung!I5) -> 0 | F20: =E20/D20 -> 0 | H20: =E20 -> 0 | K20: =I20-H20 -> 0
C21: =Validierung!B11 -> Nachhaltigkeit/Umweltmanagement-Systeme | D21: =SUM(Auswertung!H12:H18) -> 15 | E21: =SUM(Auswertung!I12:I18) -> 0 | F21: =E21/D21 -> 0 | H21: =E21 -> 0 | K21: =I21-H21 -> 0
C22: =Validierung!B20 -> Energieverbrauch | D22: =SUM(Auswertung!H21:H49) -> 10 | E22: =SUM(Auswertung!I21:I49) -> 0 | F22: =E22/D22 -> 0 | H22: =E22 -> 0 | K22: =I22-H22 -> 0
C23: =Validierung!B51 -> Resourcenverbrauch | D23: =SUM(Auswertung!H52:H60) -> 10 | E23: =SUM(Auswertung!I52:I60) -> 0 | F23: =E23/D23 -> 0 | H23: =E23 -> 0 | K23: =I23-H23 -> 0
C24: =Validierung!B62 -> Emissionen | D24: =SUM(Auswertung!H63:H69) -> 5 | E24: =SUM(Auswertung!I63:I69) -> 0 | F24: =E24/D24 -> 0 | H24: =E24 -> 0 | K24: =I24-H24 -> 0
C25: =Validierung!B71 -> Mobilität | D25: =SUM(Auswertung!H72:H83) -> 10 | E25: =SUM(Auswertung!I72:I83) -> 0 | F25: =E25/D25 -> 0 | H25: =E25 -> 0 | K25: =I25-H25 -> 0
C26: =Validierung!B85 -> Wasserverbrauch | D26: =SUM(Auswertung!H86:H94) -> 10 | E26: =SUM(Auswertung!I86:I94) -> 0 | F26: =E26/D26 -> 0 | H26: =E26 -> 0 | K26: =I26-H26 -> 0
C27: =Validierung!B96 -> Abfallstrategie | D27: =SUM(Auswertung!H97:H109) -> 10 | E27: =SUM(Auswertung!I97:I109) -> 0 | F27: =E27/D27 -> 0 | H27: =E27 -> 0 | K27: =I27-H27 -> 0
C28: =Validierung!B111 -> Bewusstseinsbildung | D28: =SUM(Auswertung!H112:H128) -> 10 | E28: =SUM(Auswertung!I112:I128) -> 0 | F28: =E28/D28 -> 0 | H28: =E28 -> 0 | K28: =I28-H28 -> 0
C29: =Validierung!B130 -> Förderung nachhaltigen Konsums | D29: =SUM(Auswertung!H131:H139) -> 5 | E29: =SUM(Auswertung!I131:I139) -> 0 | F29: =E29/D29 -> 0 | H29: =E29 -> 0 | K29: =I29-H29 -> 0
C30: Summe | D30: =SUM(D20:D29) -> 100 | E30: =SUM(E20:E29) -> 0 | F30: =E30/D30 -> 0 | H30: =E30 -> 0 | K30: =I30-H30 -> 0
C32: Bearbeiterin | D32: xx
D39: ALLPLAN GmbH
D40: Schwindgasse 10, 1040 Wien
D41: M: +43 676 84 22 252 20
D42: Firmenbuchnummer: 94000k
D43: Handelsgericht Wien
D44: www.allplan.at

Sheet Validierung
A1: Verpflichtendes Update bei Re-Validierung | B1: Frage Nr. | C1: Fragebogen Unternehmen | D1: Auswahl-Antwort (bitte auswählen) | E1: Erklärungen | F1: Erforderlicher Nachweis: Bitte führen Sie die genaue Bezeichnung der beigefügten Nachweise in der jeweiligen Zelle an. (Hinweise überschreiben) | G1: Max. Punkteanzahl Kategorien | H1: max. Punkte je Frage | I1: Erreichte Punkte | J1: Punkteschema
A3: bei Bedarf | B3: Frage0 | C3: Wie beurteilen Sie die Verankerung von Umweltthemen in Ihrem Unternehmen im Vergleich zum Standard in Ihrer Branche? Fokussieren Sie dabei auf die aktuelle Situation, geben Sie aber auch einen Ausblick auf zukünftige Ziele und Aktivitäten.
B4: Unternehmenszweck | G4: 15
A5: ja | B5: Frage 1 | C5: Wie hoch ist der Umsatzanteil ökologisch nachhaltiger Produkte am Gesamtumsatz des Unternehmens? [Xx%] | H5: =Auswertung!H5 -> 15 | J5: Bewertung: x% * Art des Nachweises (1a)
A7: ja | B7: Frage 1a | C7: Wodurch wird die ökologische Nachhaltigkeit der Produkte bestätigt? Nachweis! | D7: falls zutreffend, bitte „☐“ durch „X“ ersetzen. Mehrfachauswahl möglich. ☐ Zertifizierung / Gütesiegel ☐ Taxonomie-Konformität ☐ externe Bewertung ☐ eigene Kennzahlen ☐ Berechnungen ☐ kein Nachweis ☐ sonstige | F7: Zertifikate, Gütesiegel, Prüfberichte, Berechnungen oder weitere Dokumentationen | J7: 100 % - Extern geprüft / Taxonomie-Konformität nachgewiesen 80% - Anerkanntes Umweltzeichen, Gütesiegel oder Zertifikat 60% Nachvollziehbare Produktinformationen / Nachhaltigkeitsbericht / Website 20% Selbsteinschätzung mit plausibler Begründung 10% Reine Selbsteinschätzung ohne Nachweis
A9: ja | B9: Frage 1b | C9: Bitte stellen Sie ergänzende Informationen zur ökologischen Produktpalette bereit. Nachweis! | F9: z. B. Verweise auf die Unternehmenswebsite, Produktdatenblätter, Nachhaltigkeitsberichte, Zertifikate oder weitere Produktinformationen.
B11: Nachhaltigkeit/Umweltmanagement-Systeme | G11: 15
A12: ja (Zertifikate müssen aktuell/gültig sein) | B12: Frage 2 | C12: Ist das Thema "Umwelt" in Form eines Umweltmanagementsystems gem. ISO14001 oder EMAS in Ihrem Unternehmen verankert? Nachweis! | F12: Gültiges Zertifikat | H12: =Auswertung!H12 -> 5 | J12: 0% - Kein gültiges Zertifikat vorhanden 100% - gültiges Zertifikat vorhanden
A14: bei Bedarf (ggf. neuen Bericht schicken) | B14: Frage 3 | C14: Betreibt ihr Unternehmen ein umfassendes System zur laufenden Verbesserung der Nachhaltigkeit? (ökonomische, ökologische, gesellschaftliche/ethische Aspekte), falls ja bitte um Dokumentation (z.B. Verantwortlichkeiten/Einbettung in die Organisation, Einbeziehung von Stakeholder, aktueller Nachhaltigkeitsbericht, Impact Messung) Nachweis! | F14: Nachhaltigkeitsbericht, Monitoring-Dashboard, Managementhandbuch Prozessbeschreibung | H14: =Auswertung!H14 -> 5 | J14: 25%- Wesentlichkeitsanalyse vorhanden und Einbindung von Stakeholdern 25% - Impact-Messung vorhanden 50% - Aktueller Nachhaltigkeitsbericht vorhanden
A16: bei Bedarf (ggf. neuen Bericht schicken) | B16: Frage 4 | C16: Sind Sie gesetzlich verpflichtet einen Nachhaltigkeitsbericht zu erstellen? | H16: =Auswertung!H16 -> 2
A18: ja | B18: Frage 5 | C18: Nennen Sie im Bereich der ökologischen Nachhaltigkeit: 1.ihre wichtigsten 3 Ziele 2.die entsprechenden KPI´s (key performance indicators). 3.geben Sie jeweils den aktuellen Ist-Stand bekannt. Nachweis! | F18: Dokumentation z.B in Nachhaltigkeitsstrategie Umweltpolitik, Nachhaltigkeitsbericht Umweltkennzahlen Jahresvergleich (konkretes Kapitel, seite,..) | H18: =Auswertung!H18 -> 3 | J18: 100% alle drei Punkte vorhanden; wenn nur Teilbereiche davon vorhanden: 20% für Ziele, jeweils 40% für KPI und aktuellen IST Stand
B20: Energieverbrauch | G20: 10
A21: bei Bedarf/Änderung | B21: Frage 6 | C21: Haben Sie Teile der Produktion ausgelagert? Falls ja, beschreiben Sie kurz die relevanten Prozesse. Nachweis! | F21: Kurze Beschreibung, Produktionsschema | H21: =Auswertung!H21 -> 1 | J21: volle Punkte wenn Hauptproduktion selbst gemacht, oder relevante Kooperationsvertrag Inhalte vorhanden 50% wenn teilweise Zukauf und Auswahl der Lieferanten 25% wenn nur Verpackung/Vertrieb und Auswahl der Lieferanten sonst: 0%
A22: bei Bedarf/Änderung | B22: Frage 6a | C22: Zu welchem Anteil erstellen sie die verkauften Produkte selbst Im Unternehmen? Anmerkung: Verpackung ist damit nicht gemeint!
A23: bei Bedarf/Änderung | B23: Frage 6b | C23: Inwiefern achten Sie bei Vorlieferanten auf energieeffiziente Produktion? Nachweis! | F23: Auszug aus dem Kooperationsvertrag / Einkaufsrichtlinie | J23: (nur Info für 6)
A25: bei Bedarf/Änderung | B25: Frage 7 | C25: Gibt es ein Energiemanagementsystem in Ihrem Unternehmen? (ISO 50001 oder vergleichbar) Nachweis! | F25: Zertifikat | H25: =Auswertung!H25 -> 0.5 | J25: 0% - Kein gültiges Zertifikaat vorhanden 100% - gültiges Zertifikat vorhanden
A27: ja | B27: Frage 8 | C27: Wie hoch war ihr Gesamt-Jahresstromverbrauch über alle Standorte in den letzten drei Jahren? (MWh/Jahr) Nachweis! | D27: Tabelle ausfüllen (Blatt:Tabellen): Jahresstromverbrauch! | F27: Stromrechnungen, Energieabrechnungen, Zählerauswertungen, Energiemanagementbericht, interne Verbrauchsauswertung oder ESG-/Nachhaltigkeitsbericht mit Stromkennzahlen. | H27: =Auswertung!H27 -> 1.5 | J27: ´- Daten vorhanden: 50% (Energie und relevante Messgrößen) - 75% Im Jahr 3< Jahr1 (bezogen auf KPI nicht auf absolute Werte) -100% Wenn die zwei vorherige Bedinungen erfüllt sind und noch Energieeffizienzmaßnahmen (Frage 8a)
A29: ja | B29: Frage 8a | C29: Erläutern Sie die Gründe für Änderungen des Stromverbrauchs im angegebenen Zeitraum. (z.B. veränderte Mitarbeiterzahl, Fläche, Auslastung, Homeoffice, IT-Nutzung oder Effizienzmaßnahmen)
A31: ja | B31: Frage 9 | C31: Wie hoch war ihr Gesamt-Wärmeverbrauch über alle Standorte in den letzten drei Jahren? (MWh/Jahr) Unterscheiden Sie Prozesswärme und Heizwärme. Nachweis! | D31: Tabelle ausfüllen (Blatt:Tabellen): Wärmeverbrauch! | H31: =Auswertung!H31 -> 1.5 | J31: ´- Daten vorhanden: 50% (Energie und relevante Messgrößen) - 75% Im Jahr 3< Jahr1 (bezogen auf KPI nicht auf absolute Werte) -100% Wenn die zwei vorherige Bedinungen erfüllt sind und noch Energieeffizienzmaßnahmen (Frage 9a)
A33: bei Bedarf/Änderung | B33: Frage 9a | C33: Erläutern Sie die Gründe für Änderungen des Wärmeverbrauchs im angegebenen Zeitraum. (z.B. geänderte Produktionsmengen, getätigte Energieeffizienzmaßnahmen)
A35: ja | B35: Frage 10 | C35: Beziehen Sie zertifizierten Ökostrom (= Strom aus ausschließlich erneuerbaren Energieträgern)? Nachweis! | D35: falls zutreffend, bitte „☐“ durch „X“ ersetzen. Standort 1:_________ ☐ Ja ☐ Nein Standort 2:_________ ☐ Ja ☐ Nein Standort 3:_________ ☐ Ja ☐ Nein usw. | F35: aktuelles Ökostromzertifikat beilegen. Für jeden Standort: Dokumentation des aktuellen Strommix des Stromanbieters beilegen. (Quelle: Stromrechnung) | H35: =Auswertung!H35 -> 1 | J35: aliquote Punkte pro Standort mit gültigem Ökostromzertifikat (z.B. 5 Standorte, davon 2 ja: dann 2/5 Punkte)
A37: bei Bedarf/Änderung | B37: Frage 11 | C37: Wird vom Unternehmen selbst vor Ort Strom erzeugt (aus erneuerbaren Energiequellen)? | H37: =Auswertung!H37 -> 1 | J37: Antwort ja & Dokumentation vorhanden: 50%; Zusatzpunkte je nach Größe: >10%<50% Gesamtstrom-Bedarf: +25% >50%: volle Punke
A39: bei Bedarf/Änderung | B39: Frage 11a | C39: Mit welcher Technologie und in welchem Ausmaß? (MWh/a)
A41: ja | B41: Frage 12 | C41: Woraus beziehen Sie Ihre Wärmeenergie? (Heizung, Warmwasser) Bitte um Angabe der Anteile der einzelnen Energieträger am gesamten Wärmeverbrauch über alle Standorte des Unternehmens in MWh und % Nachweis! | D41: Tabelle ausfüllen (Blatt:Tabellen): Energieträger & kWh! | F41: Nachweis, z.B. Heizkostenabrechnungen, Energierechnungen, Zählerauswertungen, Fernwärmenachweise, Energiebericht, Nachhaltigkeitsbericht oder interne Verbrauchsauswertung | H41: =Auswertung!H41 -> 1 | J41: Punkte % analog zu % Anteil Summe erneuerbare Energieträger Wärme alle Standorte (Biomasse, Wärmepumpe, Geothermie..)
A43: bei Bedarf/Änderung | B43: Frage 13 | C43: Wird vom Unternehmen selbst vor Ort Wärme erzeugt (aus erneuerbaren Energiequellen)? | H43: =Auswertung!H43 -> 1 | J43: Antwort ja & Dokumentation vorhanden: 50%; Zusatzpunkte je nach Größe: >10%<50% Gesamtwärme-Bedarf: +25% >50%: volle Punke
B45: Frage 13a | C45: Mit welcher Technologie und in welchem Ausmaß? (MWh/a)
A47: bei Bedarf/Änderung | B47: Frage 14 | C47: Welche Energieeffizienzklasse(n) hat/haben ihre Unternehmensgebäude? | D47: Tabelle ausfüllen (Blatt:Tabellen): Energieeffizienzklasse! | H47: =Auswertung!H47 -> 1 | J47: 100% bei max 15 kWh/m² BGF-Ref 75% bei max 25 kWh/m² BGF-Ref 50% bei max 50 kWh/m² BGF-Ref 25% bei max 100 kWh/m² BGF-Ref
A49: ja | B49: Frage 15 | C49: Wenn Sie im letzten Jahr ein Projekt zum Thema "Energie"durchgeführt haben, haben Sie hier die Gelegenheit dieses kurz vorzustellen. Nachweis! | D49: falls zutreffend, bitte „☐“ durch „X“ ersetzen. Mehrfachauswahl möglich. ☐ Verbesserung der Energieeffizienz von Gebäuden, z. B. Sanierung ☐ Erneuerbare Energie oder eigene Energieerzeugung, z. B. Photovoltaik ☐ Optimierung von Heizung, Kühlung oder Lüftung ☐ Umstellung auf energieeffiziente Beleuchtung, z. B. LED ☐ Einsatz energieeffizienter Geräte oder IT-Systeme ☐ Optimierung von Betriebsabläufen ☐ Energiemanagement oder Verbrauchsmonitoring ☐ Schulung oder Sensibilisierung der Beschäftigten ☐ Sonstiges: __________ ☐ Kein Energieprojekt umgesetzt | F49: Projektbeschreibung, link | H49: =Auswertung!H49 -> 0.5 | J49: volle Punkte wenn inhaltlich neues Projekt & bisher nicht genannt im FB, sonst 0 (keine Punkte für bloße "updates")
B51: Resourcenverbrauch | G51: 10
A52: bei Bedarf/Änderung | B52: Frage 16 | C52: Wird der Resourcenverbrauch des Unternehmens nachweislich erhoben? Falls ja, wie/wo. Nachweis! | F52: Auszug/Nachweis der Dokumentation | H52: =Auswertung!H52 -> 1
A54: ja | B54: Frage 17 | C54: Inwiefern trägt ihr Unternehmen zu einer hohen Ressourceneffizienz bei: z.B. durch Materialeffizienz (Einsatz von recycleten Materialien oder nachhaltigen Rohstoffen), Ökodesign.. Nachweis! | D54: Tabelle ausfüllen (Blatt:Tabellen): Nachhaltige/recycelte Materialien! | F54: Zertifikate für Verpackung falls relevant | H54: =Auswertung!H54 -> 6 | J54: 1 punkt für jeden Bereich multipliziert mit jeweiligem % Anteil
A56: bei Bedarf/Änderung | B56: Frage 18 | C56: Wurden in den letzten 2 Jahren Maßnahmen umgesetzt, um den Einsatz nachhaltiger Ressourcen zu erhöhen? | D56: falls zutreffend, bitte „☐“ durch „X“ ersetzen. Mehrfachauswahl möglich. ☐ Reduktion des Resourcenverbrauchs der angebotenen Produkte (product design) ☐ Wiederverwendung von Materialien oder Produkten ☐ Reparatur und längere Nutzung von Geräten ☐ Vermeidung von Einwegprodukten ☐ Reduzierung oder Vermeidung von Verpackungen ☐ Nachhaltige Beschaffung von Produkten und Vorleistungen ☐ Schulung oder Sensibilisierung der Beschäftigten ☐ Digitalisierung und Reduktion Papier- und Büromaterialverbrauch ☐ Sonstige Maßnahme: __________ ☐ Keine Maßnahmen umgesetzt | H56: =Auswertung!H56 -> 1.5
A58: bei Bedarf/Änderung | B58: Frage 19 | C58: Findet im Unternehmen ein ökologisches Beschaffungswesen statt? (Beachtung von ökologischen Aspekten im Einkauf) Nachweis! | F58: Einkaufsrichtlinie, Lieferantenkodex, Lieferantenbewertung, | H58: =Auswertung!H58 -> 1
A60: bei Bedarf/Änderung | B60: Frage 20 | C60: Findet im Unternehmen ein ökologisches Office Management statt? (z.B. geringer Papierverbrauch, Leitungswasser anstatt Mineralwasser, Ökoboxen) | H60: =Auswertung!H60 -> 0.5
B62: Emissionen | G62: 5
A63: ja | B63: Frage 21 | C63: Liegt ein aktuell gültiger CO2-Fußabdruck (Unternehmen, Produkte) vor? Falls der Fußabdruck nur für Unternehmensteile bzw. einzelne Produkte vorliegt, bitte um Erläuterung. Nachweis! | F63: CO₂-Bilanz, CO₂-Zertifikat | H63: =Auswertung!H63 -> 2 | J63: Extern geprüft / zertifiziert - 100 % der Punkte Nach anerkannter Methode erstellt, aber nicht extern geprüft - 75 % der Punkte Interne Berechnung mit nachvollziehbarer Methodik - 50 % der Punkte
A65: ja | B65: Frage 22 | C65: Wie hoch waren ihr Gesamt-Emissionen über alle Standorte (Unternehmen) in den letzten drei Jahren? (t CO2eq/Jahr) | D65: Tabelle ausfüllen (Blatt:Tabellen): Emissionen! | H65: =Auswertung!H65 -> 2 | J65: ´- Daten vorhanden: 50% (Energie und relevante Messgrößen) - 75% Im Jahr 3< Jahr1 -100% Wenn die zwei vorherige Bedingungen erfüllt sind und noch Energieeffizienzmaßnahmen genannt werden (Frage 22a)
A67: bei Bedarf/Änderung | B67: Frage 22a | C67: Erläutern Sie die Gründe für Änderungen der Gesamt-Emissionen im angegebenen Zeitraum. (z.B. getätigte Energieeffizienzmaßnahmen/ nachhaltige Mobilität / weniger Dienstreisen / nachhaltige Beschaffung / effiziente IT und Rechenzentren / Sonstige)
A69: ja | B69: Frage 23 | C69: Wenn Sie in den letzten zwei Jahren ein (neues) Projekt zum Thema "Klimaschutz/Klimaforschung" durchgeführt haben, haben Sie hier die Gelegenheit dieses kurz vorzustellen. Nachweis! | F69: Projektbeschreibung, link | H69: =Auswertung!H69 -> 1 | J69: volle Punkte wenn inhaltlich neues Projekt & bisher nicht genannt im FB, sonst 0
B71: Mobilität | G71: 10
A72: ja | B72: Frage 24 | C72: Wird ein eigener Fuhrpark eingesetzt? (PKW/LKW) Für welche Zwecke? Wieviele Fahrzeuge umfasst dieser? Nachweis! | F72: Fuhrparkliste | H72: =Auswertung!H72 -> 6 | J72: volle Punkte wenn auch LKWs im Fuhrpark bzw. mehr als 10 PKWs; sonst 50% multipliziert mit folgenden Anteilen:
A74: ja | B74: Frage 24a | C74: Geben Sie den Anteil der Fahrzeuge pro eingesetzten Treibstoff an. | D74: Tabelle ausfüllen (Blatt:Tabellen): Antriebsart! | J74: nur für Plausibilitätscheck
A76: ja | B76: Frage 24b | C76: Wie hoch war ihr Gesamt-Jahres-Treibstoffbedarf ihres Unternehmensfuhrparks in den letzten drei Jahren? | D76: Tabelle ausfüllen (Blatt:Tabellen): Treibstoffbedarf! | J76: ´- Daten vorhanden: 50% (Energie und relevante Messgrößen) - 75% Im Jahr 3< Jahr1 -100% Wenn die zwei vorherige Bedinungen erfüllt sind und noch Energieeffizienzmaßnahmen genannt werden (Frage 24c)
A78: ja | B78: Frage 24c | C78: Erläutern Sie die Gründe für Änderungen des Treibstoffverbrauchs im angegebenen Zeitraum. (z.B. aktive Maßnahmen zur Reduktion des Energieverbrauchs im Transportbereich wie z.B. Elektrifizierung des Fuhrparks oder geänderte Rahmenbedingungen)
A80: bei Bedarf/Änderung | B80: Frage 25a | C80: Haben Sie eine aktuell gültige Richtlinie, um den ökologischen Fußabdruck von Geschäftsreisen zu reduzieren? Inhalt einer solchen Richtlinie ist z. B.: Überprüfung der Notwendigkeit von Geschäftsreisen, Bevorzugung von Online-Besprechungen, Bevorzugung von Bahnreisen gegenüber Flugreisen, Nutzung emissionsarmer Verkehrsmittel. Nachweis! | F80: Reiserichtlinie | H80: =Auswertung!H80 -> 2 | J80: 50% wenn Richtlinie vorhanden, volle Punkte wenn auch Monitoring
B81: Frage 25b | C81: Monitoren Sie Ihre Geschäftsreisen nach ökologischen Gesichtspunkten? (zurückgelegte Strecke, Verkehrsmittel...) Nachweis! | F81: Reisekostenabrechnungen, Bahn-/Flugstatistik
A83: bei Bedarf/Änderung | B83: Frage 26 | C83: Unterstützen Sie ihre Mitarbeiter dabei ,dass sie umweltfreundlich zu Ihrem Standort / Standorten anreisen oder die Anzahl der Anreisen gänzlich vermeiden oder reduzieren können? Falls ja, wie z.B. Jobticket, Homeoffice Regelungen, Bike-leasing,… | H83: =Auswertung!H83 -> 2 | J83: volle Punkte wenn mehrere Maßnahmen, 25% wenn eine Maßnahme, sonst 0
B85: Wasserverbrauch | G85: 10
A86: bei Bedarf/Änderung | B86: Frage 27 | C86: In welchen Bereichen ihres Unternehmens ist Wasserverbrauch von Relevanz? Nachweis! | D86: falls zutreffend, bitte „☐“ durch „X“ ersetzen. Mehrfachauswahl möglich. ☐ Produktion ☐ Bewässerung von Grünflächen ☐ Sanitäranlagen ☐ Küche ☐ sonstige: ______ | F86: Standortübersicht, Prozessbeschreibung, Umweltmanagement-Dokumentation | H86: =Auswertung!H86 -> 7 | J86: volle Punkte wenn Produktion und/oder Bewässerung Grünflächen ausgewählt wurde; sonst 50% multipliziert mit folgenden Anteilen:
A88: ja | B88: Frage 27a | C88: Wie hoch war ihr Wasserverbrauch über alle Standorte (Unternehmen) in den letzten drei Jahren? (Liter/Jahr) Nachweis! | D88: Tabelle ausfüllen (Blatt:Tabellen): Wasserverbrauch! | F88: Wasserabrechnungen der Versorger, Zählerstände, Nachhaltigkeitsbericht, internes Monitoring | J88: ´- Daten vorhanden: 50% (Energie und relevante Messgrößen) - 75% Im Jahr 3< Jahr1 -100% Wenn die zwei vorherige Bedinungen erfüllt sind und noch Wasser-Spar-Maßnahmen beschrieben sind (Frage 26b)
A90: ja | B90: Frage 27b | C90: Erläutern Sie die Gründe für Änderungen des Wasserverbrauchs im angegebenen Zeitraum. (z.B. geänderte Umsatz/Produktionsmengen, getätigte Effizienzmaßnahmen)
A92: bei Bedarf/Änderung | B92: Frage 28 | C92: Entsteht bei ihre Unternehmenstätigkeit Abwasser, das über Haushaltmengen hinausgeht? Nachweis! | F92: Abwasserabrechnung/Auszug | H92: =Auswertung!H92 -> 3
A94: bei Bedarf/Änderung | B94: Frage 28a | C94: Welche Maßnahmen, die über die gesetzlichen Vorschriften hinausgehen, werden zur Abwasserbehandlung und -vermeidung vorgenommen? Nachweis! | F94: Maßnahmenbericht/link | J94: volle Punkte nur bei 29a: JA und 29b Maßnahmen, wenn Maßnahmen beschrieben und 29a NEIN: 50%
B96: Abfallstrategie | G96: 10
A97: bei Bedarf/Änderung | B97: Frage 29 | C97: Wird ihr Abfallaufkommen getrennt nach Abfallarten erfasst? Nachweis! | D97: Tabelle ausfüllen (Blatt:Tabellen): Abfallart! | F97: Abfallbilanzen, Entsorgungsnachweise, interne Abfallstatistik, Nachhaltigkeitsbericht | H97: =Auswertung!H97 -> 2
A99: ja | B99: Frage 30 | C99: Werden Maßnahmen zur Abfallvermeidung oder Wiederverwendung werden umgesetzt? Beschreiben Sie die Maßnahmen (z.B. Anpassungen des Produktdesigns zur Reduzierung des Materialeinsatzes, Verringerung von Ausschuss und Verschnitt in der Produktion, Re- und Upcycling-Maßnahmen, Mehrwegverpackung) und die erzielten Verbesserungen (z.B. sein: Verbesserung der getrennten Abfallsammlung,Verringerung der Abfallmenge, die Zunahme der Wiederverwendung, Reduzierung des Materialverbrauchs, erzielte Kosteneinsparungen.) | H99: =Auswertung!H99 -> 5 | J99: wenn Maßnahmen gesetzt 50%, wenn auch quantifizierte Einsparung volle Punkte
A101: ja | B101: Frage 30a | C101: Wie viel Abfall konnte aufgrund dessen eingespart werden ? (Aufstellung Art des Abfalls und kg)
A103: bei Bedarf/Änderung | B103: Frage 31 | C103: Werden die Mitarbeiter über richtige Abfallentsorgung informiert (z.B. interne Informationsmaterialien, Kennzeichnungen und Piktogramme, interne Kommunikation, Schulungen oder Weiterbildungen,...)? Wenn ja, wie? Nachweis! | F103: ggf. Fotos, links | H103: =Auswertung!H103 -> 1 | J103: volle Punkte wenn ja und Beschreibung (Info und Beschilderung), 50% wenn ja und Einzelmaßnahme
A105: bei Bedarf/Änderung | B105: Frage 32 | C105: Fallen in im Rahmen ihrer Unternehmenstätigkeit gefährliche Abfälle an? Falls ja, welche? | H105: =Auswertung!H105 -> 2 | J105: volle Punkte: keine gefährlichen Abfälle; 25% bei Reduktion
A107: bei Bedarf/Änderung | B107: Frage 32a | C107: Werden Maßnahmen zur Reduktion gefährlicher Abfälle gesetzt? Falls ja, welche? (z.B. Ersatz gefährlicher Stoffe durch weniger gefährliche Alternativen, Reduzierung gefährlicher Abfälle durch technologische Verbesserungen, Optimierung des Einsatzes gefährlicher Stoffe, …)
A109: bei Bedarf/Änderung | B109: Frage 32b | C109: Zusatzfrage: Existieren ökologische Alternativen?
B111: Bewusstseinsbildung | G111: 10
A112: bei Bedarf/Änderung | B112: Frage 33 | C112: Gibt es regelmäßige Mitarbeiterschulungen/Infoveranstaltungen/ Diskussionsgruppen zum Thema Umweltschutz? Nachweis! | F112: Nachweis z.B. Schulungsplan, Trainingsunterlagen, interne Kommunikationspläne, Schulungskalender | H112: =Auswertung!H112 -> 3 | J112: volle punkte wenn (monatlich oder häufiger, 50% wenn quartalsweise, sonst 25% bei "ja") * Anteil Mitarbeiter erreicht
A114: bei Bedarf/Änderung | B114: Frage 33a | C114: Wie häufig finden diese statt?
A116: bei Bedarf/Änderung | B116: Frage 33b | C116: Welche Instrumente/Kanäle/Plattformen werden dazu verwendet?
A118: bei Bedarf/Änderung | B118: Frage 33c | C118: Wie hoch ist der Anteil der Mitarbeiter, die über diese Kommunikations-Instrumente involviert werden? [x%]
A120: bei Bedarf/Änderung | B120: Frage 34 | C120: Werden die Mitarbeiter involviert, um Ideen / Ansätze für Nachhaltigkeits-Maßnahmen einzubringen / umzusetzen? Wenn ja, wie und ist dies im Rahmen der Arbeitszeit möglich? (z.B. Ideenboxen, Innovationswerkstätten, …) Nachweis! | F120: Nachweise: z.B. interne Rundschreiben, links o.ä. | H120: =Auswertung!H120 -> 1 | J120: ja & Beschreibung: volle Punkte, sonst 0
A122: bei Bedarf/Änderung | B122: Frage 34a | C122: Welche Themenbereiche werden/wurden dabei fokussiert? (z.B. Energieeffizienz, Klimaschutz und Reduzierung der Treibhausgasemissionen, Wassermanagement, Nachhaltige Mobilität, Biodiversität und Grünflächen,…)
A124: ja | B124: Frage 35 | C124: Wenn Sie in den letzten zwei Jahren ein Projekt zum Thema "Bewusstseinsbildung INTERN" (in Hinblick auf Nachhaltigkeitsthemen) durchgeführt haben, haben Sie hier die Gelegenheit dieses kurz vorzustellen. (z.B.: Interne Wettbewerbe und Challenges) Nachweis! | F124: z.B. Fotos, links | H124: =Auswertung!H124 -> 1 | J124: volle Punkte wenn inhaltlich neues Projekt & bisher nicht genannt im FB, sonst 0
A126: ja | B126: Frage 36 | C126: Haben Sie in den letzten zwei Jahren besondere umwelt- bzw. nachhaltigkeitsrelevante Auszeichnungen, mit Ausnahme von Green Brands erhalten oder waren Sie nominiert? Wenn ja, welche? (z.B. Klimaschutzpreis, Nachhaltigkeitspreis, Umweltpreis, Energy Globe etc.) Nachweis! | F126: Zertifikat | H126: =Auswertung!H126 -> 4 | J126: volle Punkte bei Auszeichnung (GB gilt nicht), 50% bei Nominierung
A128: ja | B128: Frage 37 | C128: Gab es in den letzten zwei Jahren gezielte Kooperationen mit NGOs, wissenschaftlichen Einrichtungen, Verbänden, Gemeinden etc. zum Thema Klimaschutz? Wenn ja, welche? | H128: =Auswertung!H128 -> 1 | J128: ja & Beschreibung: volle Punkte, sonst 0
B130: Förderung nachhaltigen Konsums | G130: 5
A131: bei Bedarf/Änderung | B131: Frage 38 | C131: Produktdesign: Sind Ihre Produkte so konzipiert, dass Komponenten der Produkte ausgetauscht werden können, um die Nutzungsdauer zu verlängern bzw. nach der Ende der Nutzungsdauer in Einzelkomponenten zerlegt und korrekt entsorgt oder retourniert werden können? Falls ja, Erklärung. | F131: Dokumentation/Beilage. Z.B Produktbeschreibung | H131: =Auswertung!H131 -> 1 | J131: ja & Beschreibung: volle Punkte, sonst 0; bzw. nicht relevant: halbe Punkte
A133: bei Bedarf/Änderung | B133: Frage 39 | C133: Bieten Sie für Ihre Produkte alternative, ökologisch attraktive Geschäftsmodelle (z.B. mieten statt kaufen) ? Falls ja, Erklärung. | H133: =Auswertung!H133 -> 1 | J133: ja & Beschreibung: volle Punkte, sonst 0; bzw. nicht relevant: halbe Punkte
A135: bei Bedarf/Änderung | B135: Frage 40 | C135: Nehmen Sie kaputte Produkte von Ihren Kunden wieder zurück? J/N, Nicht relevant; wenn ja: Erklärung: Wie fördern Sie die Rückholung von Produkten? | H135: =Auswertung!H135 -> 1 | J135: ja & Beschreibung: volle Punkte, sonst 0; bzw. nicht relevant: halbe Punkte
A137: bei Bedarf/Änderung | B137: Frage 41 | C137: Werden Reparaturdienstleistungen hausintern angeboten oder organisiert? Falls ja, Erklärung. | H137: =Auswertung!H137 -> 1 | J137: ja & Beschreibung: volle Punkte, sonst 0; bzw. nicht relevant: halbe Punkte
A139: bei Bedarf/Änderung | B139: Frage 42 | C139: Gibt es eine Garantieleistung welche über das gesetzliche Maß hinaus geht? Falls ja, Erklärung. | H139: =Auswertung!H139 -> 1 | J139: ja & Beschreibung: volle Punkte, sonst 0; bzw. nicht relevant: halbe Punkte
A141: Ergebnis | G141: =SUM(G4,G11,G20,G51,G62,G71,G85,G96,G111,G130) -> 100 | H141: =SUM(H3:H139) -> 100 | I141: =SUM(I5:I139) -> 0

Sheet Auswertung
A1: Verpflichtendes Update bei Re-Validierung | B1: Frage Nr. | C1: Fragebogen Unternehmen | D1: Auswahl-Antwort (bitte auswählen) | E1: Erklärungen | F1: Erforderlicher Nachweis: Bitte führen Sie die genaue Bezeichnung der beigefügten Nachweise in der jeweiligen Zelle an. (Hinweise überschreiben) | G1: Max. Punkteanzahl Kategorien | H1: max. Punkte je Frage | I1: Erreichte Punkte | J1: Punkteschema
A3: bei Bedarf | B3: =Validierung!B3 -> Frage0 | C3: =Validierung!C3 -> Wie beurteilen Sie die Verankerung von Umweltthemen in Ihrem Unternehmen im Vergleich zum Standard in Ihrer Branche? Fokussieren Sie dabei auf die aktuelle Situation, geben Sie aber auch einen Ausblick auf zukünftige Ziele und Aktivitäten. | D3: =Validierung!D3 -> 0 | E3: =Validierung!E3 -> 0
A4: Unternehmenszweck | G4: 15
A5: ja | B5: =Validierung!B5 -> Frage 1 | C5: =Validierung!C5 -> Wie hoch ist der Umsatzanteil ökologisch nachhaltiger Produkte am Gesamtumsatz des Unternehmens? [Xx%] | E5: =Validierung!E5 -> 0 | H5: 15 | J5: Bewertung: x% * Art des Nachweises (1a)
A7: ja | B7: =Validierung!B7 -> Frage 1a | C7: =Validierung!C7 -> Wodurch wird die ökologische Nachhaltigkeit der Produkte bestätigt? Nachweis! | D7: =Validierung!D7 -> falls zutreffend, bitte „☐“ durch „X“ ersetzen. Mehrfachauswahl möglich. ☐ Zertifizierung / Gütesiegel ☐ Taxonomie-Konformität ☐ externe Bewertung ☐ eigene Kennzahlen ☐ Berechnungen ☐ kein Nachweis ☐ sonstige | F7: =Validierung!F7 -> Zertifikate, Gütesiegel, Prüfberichte, Berechnungen oder weitere Dokumentationen | J7: 100 % - Extern geprüft / Taxonomie-Konformität nachgewiesen 80% - Anerkanntes Umweltzeichen, Gütesiegel oder Zertifikat 60% Nachvollziehbare Produktinformationen / Nachhaltigkeitsbericht / Website 20% Selbsteinschätzung mit plausibler Begründung 10% Reine Selbsteinschätzung ohne Nachweis
A9: ja | B9: =Validierung!B9 -> Frage 1b | C9: =Validierung!C9 -> Bitte stellen Sie ergänzende Informationen zur ökologischen Produktpalette bereit. Nachweis! | E9: =Validierung!E9 -> 0 | F9: =Validierung!F9 -> z. B. Verweise auf die Unternehmenswebsite, Produktdatenblätter, Nachhaltigkeitsberichte, Zertifikate oder weitere Produktinformationen.
A11: Nachhaltigkeit/Umweltmanagement-Systeme | G11: 15
A12: ja (Zertifikate müssen aktuell/gültig sein) | B12: =Validierung!B12 -> Frage 2 | C12: =Validierung!C12 -> Ist das Thema "Umwelt" in Form eines Umweltmanagementsystems gem. ISO14001 oder EMAS in Ihrem Unternehmen verankert? Nachweis! | D12: =Validierung!D12 -> 0 | F12: =Validierung!F12 -> Gültiges Zertifikat | H12: 5 | J12: 0% - Kein gültiges Zertifikat vorhanden 100% - gültiges Zertifikat vorhanden
A14: bei Bedarf (ggf. neuen Bericht schicken) | B14: =Validierung!B14 -> Frage 3 | C14: =Validierung!C14 -> Betreibt ihr Unternehmen ein umfassendes System zur laufenden Verbesserung der Nachhaltigkeit? (ökonomische, ökologische, gesellschaftliche/ethische Aspekte), falls ja bitte um Dokumentation (z.B. Verantwortlichkeiten/Einbettung in die Organisation, Einbeziehung von Stakeholder, aktueller Nachhaltigkeitsbericht, Impact Messung) Nachweis! | D14: =Validierung!D14 -> 0 | F14: =Validierung!F14 -> Nachhaltigkeitsbericht, Monitoring-Dashboard, Managementhandbuch Prozessbeschreibung | H14: 5 | J14: 25%- Wesentlichkeitsanalyse vorhanden und Einbindung von Stakeholdern 25% - Impact-Messung vorhanden 50% - Aktueller Nachhaltigkeitsbericht vorhanden
A16: bei Bedarf (ggf. neuen Bericht schicken) | B16: =Validierung!B16 -> Frage 4 | C16: =Validierung!C16 -> Sind Sie gesetzlich verpflichtet einen Nachhaltigkeitsbericht zu erstellen? | D16: =Validierung!D16 -> 0 | H16: 2 | J16: ja: 0 Punkte, nein: 2 Punkte
A18: ja | B18: =Validierung!B18 -> Frage 5 | C18: =Validierung!C18 -> Nennen Sie im Bereich der ökologischen Nachhaltigkeit: 1.ihre wichtigsten 3 Ziele 2.die entsprechenden KPI´s (key performance indicators). 3.geben Sie jeweils den aktuellen Ist-Stand bekannt. Nachweis! | E18: =Validierung!E18 -> 0 | F18: =Validierung!F18 -> Dokumentation z.B in Nachhaltigkeitsstrategie Umweltpolitik, Nachhaltigkeitsbericht Umweltkennzahlen Jahresvergleich (konkretes Kapitel, seite,..) | H18: 3 | J18: 100% alle drei Punkte vorhanden; wenn nur Teilbereiche davon vorhanden: 20% für Ziele, jeweils 40% für KPI und aktuellen IST Stand
A20: Energieverbrauch | G20: =SUM(H21:H49) -> 10
A21: bei Bedarf/Änderung | B21: =Validierung!B21 -> Frage 6 | C21: =Validierung!C21 -> Haben Sie Teile der Produktion ausgelagert? Falls ja, beschreiben Sie kurz die relevanten Prozesse. Nachweis! | D21: =Validierung!D21 -> 0 | E21: =Validierung!E21 -> 0 | F21: =Validierung!F21 -> Kurze Beschreibung, Produktionsschema | H21: 1 | J21: volle Punkte wenn Hauptproduktion selbst gemacht, oder relevante Kooperationsvertrag Inhalte vorhanden 50% wenn teilweise Zukauf und Auswahl der Lieferanten 25% wenn nur Verpackung/Vertrieb und Auswahl der Lieferanten sonst: 0%
A22: bei Bedarf/Änderung | B22: =Validierung!B22 -> Frage 6a | C22: =Validierung!C22 -> Zu welchem Anteil erstellen sie die verkauften Produkte selbst Im Unternehmen? Anmerkung: Verpackung ist damit nicht gemeint! | D22: =Validierung!D22 -> 0 | E22: =Validierung!E22 -> 0
A23: bei Bedarf/Änderung | B23: =Validierung!B23 -> Frage 6b | C23: =Validierung!C23 -> Inwiefern achten Sie bei Vorlieferanten auf energieeffiziente Produktion? Nachweis! | D23: =Validierung!D23 -> 0 | E23: =Validierung!E23 -> 0 | F23: =Validierung!F23 -> Auszug aus dem Kooperationsvertrag / Einkaufsrichtlinie | J23: (nur Info für 6)
A25: bei Bedarf/Änderung | B25: =Validierung!B25 -> Frage 7 | C25: =Validierung!C25 -> Gibt es ein Energiemanagementsystem in Ihrem Unternehmen? (ISO 50001 oder vergleichbar) Nachweis! | D25: =Validierung!D25 -> 0 | F25: =Validierung!F25 -> Zertifikat | H25: 0.5 | J25: 0% - Kein gültiges Zertifikat vorhanden 100% - gültiges Zertifikat vorhanden
A27: ja | B27: =Validierung!B27 -> Frage 8 | C27: =Validierung!C27 -> Wie hoch war ihr Gesamt-Jahresstromverbrauch über alle Standorte in den letzten drei Jahren? (MWh/Jahr) Nachweis! | D27: =Validierung!D27 -> Tabelle ausfüllen (Blatt:Tabellen): Jahresstromverbrauch! | F27: =Validierung!F27 -> Stromrechnungen, Energieabrechnungen, Zählerauswertungen, Energiemanagementbericht, interne Verbrauchsauswertung oder ESG-/Nachhaltigkeitsbericht mit Stromkennzahlen. | H27: 1.5 | J27: ´- Daten vorhanden: 50% - +25% Im Jahr 3< Jahr1 +25% Wenn die zwei vorherigen Bedingungen erfüllt sind und noch Maßnahmen beschrieben wurden
A29: ja | B29: =Validierung!B29 -> Frage 8a | C29: =Validierung!C29 -> Erläutern Sie die Gründe für Änderungen des Stromverbrauchs im angegebenen Zeitraum. (z.B. veränderte Mitarbeiterzahl, Fläche, Auslastung, Homeoffice, IT-Nutzung oder Effizienzmaßnahmen) | E29: =Validierung!E29 -> 0
A31: ja | B31: =Validierung!B31 -> Frage 9 | C31: =Validierung!C31 -> Wie hoch war ihr Gesamt-Wärmeverbrauch über alle Standorte in den letzten drei Jahren? (MWh/Jahr) Unterscheiden Sie Prozesswärme und Heizwärme. Nachweis! | D31: =Validierung!D31 -> Tabelle ausfüllen (Blatt:Tabellen): Wärmeverbrauch! | H31: 1.5 | J31: ´- Daten vorhanden: 50% - +25% Im Jahr 3< Jahr1 +25% Wenn die zwei vorherigen Bedingungen erfüllt sind und noch Maßnahmen beschrieben wurden
A33: bei Bedarf/Änderung | B33: =Validierung!B33 -> Frage 9a | C33: =Validierung!C33 -> Erläutern Sie die Gründe für Änderungen des Wärmeverbrauchs im angegebenen Zeitraum. (z.B. geänderte Produktionsmengen, getätigte Energieeffizienzmaßnahmen) | E33: =Validierung!E33 -> 0
A35: ja | B35: =Validierung!B35 -> Frage 10 | C35: =Validierung!C35 -> Beziehen Sie zertifizierten Ökostrom (= Strom aus ausschließlich erneuerbaren Energieträgern)? Nachweis! | D35: =Validierung!D35 -> falls zutreffend, bitte „☐“ durch „X“ ersetzen. Standort 1:_________ ☐ Ja ☐ Nein Standort 2:_________ ☐ Ja ☐ Nein Standort 3:_________ ☐ Ja ☐ Nein usw. | F35: =Validierung!F35 -> aktuelles Ökostromzertifikat beilegen. Für jeden Standort: Dokumentation des aktuellen Strommix des Stromanbieters beilegen. (Quelle: Stromrechnung) | H35: 1 | J35: aliquote Punkte pro Standort mit gültigem Ökostromzertifikat (z.B. 5 Standorte, davon 2 ja: dann 2/5 Punkte)
A37: bei Bedarf/Änderung | B37: =Validierung!B37 -> Frage 11 | C37: =Validierung!C37 -> Wird vom Unternehmen selbst vor Ort Strom erzeugt (aus erneuerbaren Energiequellen)? | D37: =Validierung!D37 -> 0 | H37: 1 | J37: Antwort ja & Dokumentation vorhanden: 50%; Zusatzpunkte je nach Größe: >10%<50% Gesamtstrom-Bedarf: +25% >50%: volle Punke
A39: bei Bedarf/Änderung | B39: =Validierung!B39 -> Frage 11a | C39: =Validierung!C39 -> Mit welcher Technologie und in welchem Ausmaß? (MWh/a) | E39: =Validierung!E39 -> 0
A41: ja | B41: =Validierung!B41 -> Frage 12 | C41: =Validierung!C41 -> Woraus beziehen Sie Ihre Wärmeenergie? (Heizung, Warmwasser) Bitte um Angabe der Anteile der einzelnen Energieträger am gesamten Wärmeverbrauch über alle Standorte des Unternehmens in MWh und % Nachweis! | D41: =Validierung!D41 -> Tabelle ausfüllen (Blatt:Tabellen): Energieträger & kWh! | F41: =Validierung!F41 -> Nachweis, z.B. Heizkostenabrechnungen, Energierechnungen, Zählerauswertungen, Fernwärmenachweise, Energiebericht, Nachhaltigkeitsbericht oder interne Verbrauchsauswertung | H41: 1 | J41: Punkte % analog zu % Anteil Summe erneuerbare Energieträger Wärme alle Standorte (Biomasse, Wärmepumpe, Geothermie..)
A43: bei Bedarf/Änderung | B43: =Validierung!B43 -> Frage 13 | C43: =Validierung!C43 -> Wird vom Unternehmen selbst vor Ort Wärme erzeugt (aus erneuerbaren Energiequellen)? | D43: =Validierung!D43 -> 0 | H43: 1 | J43: Antwort ja & Dokumentation vorhanden: 50%; Zusatzpunkte je nach Größe: >10%<50% Gesamtwärme-Bedarf: +25% >50%: volle Punke
B45: =Validierung!B45 -> Frage 13a | C45: =Validierung!C45 -> Mit welcher Technologie und in welchem Ausmaß? (MWh/a) | E45: =Validierung!E45 -> 0
A47: bei Bedarf/Änderung | B47: =Validierung!B47 -> Frage 14 | C47: =Validierung!C47 -> Welche Energieeffizienzklasse(n) hat/haben ihre Unternehmensgebäude? | D47: =Validierung!D47 -> Tabelle ausfüllen (Blatt:Tabellen): Energieeffizienzklasse! | H47: 1 | J47: Auswertung bei mehreren Standorten: HWB Angaben gewichtet nach Anteil m² 100% bei max 15 kWh/m² BGF-Ref 75% bei max 25 kWh/m² BGF-Ref 50% bei max 50 kWh/m² BGF-Ref 25% bei max 100 kWh/m² BGF-Ref
A49: ja | B49: =Validierung!B49 -> Frage 15 | C49: =Validierung!C49 -> Wenn Sie im letzten Jahr ein Projekt zum Thema "Energie"durchgeführt haben, haben Sie hier die Gelegenheit dieses kurz vorzustellen. Nachweis! | D49: =Validierung!D49 -> falls zutreffend, bitte „☐“ durch „X“ ersetzen. Mehrfachauswahl möglich. ☐ Verbesserung der Energieeffizienz von Gebäuden, z. B. Sanierung ☐ Erneuerbare Energie oder eigene Energieerzeugung, z. B. Photovoltaik ☐ Optimierung von Heizung, Kühlung oder Lüftung ☐ Umstellung auf energieeffiziente Beleuchtung, z. B. LED ☐ Einsatz energieeffizienter Geräte oder IT-Systeme ☐ Optimierung von Betriebsabläufen ☐ Energiemanagement oder Verbrauchsmonitoring ☐ Schulung oder Sensibilisierung der Beschäftigten ☐ Sonstiges: __________ ☐ Kein Energieprojekt umgesetzt | E49: =Validierung!E49 -> 0 | F49: =Validierung!F49 -> Projektbeschreibung, link | H49: 0.5 | J49: volle Punkte wenn inhaltlich neues Projekt & bisher nicht genannt im FB, sonst 0 (keine Punkte für bloße "updates")
A51: Resourcenverbrauch | G51: =SUM(H52:H60) -> 10
A52: bei Bedarf/Änderung | B52: =Validierung!B52 -> Frage 16 | C52: =Validierung!C52 -> Wird der Resourcenverbrauch des Unternehmens nachweislich erhoben? Falls ja, wie/wo. Nachweis! | D52: =Validierung!D52 -> 0 | E52: =Validierung!E52 -> 0 | F52: =Validierung!F52 -> Auszug/Nachweis der Dokumentation | H52: 1
A54: ja | B54: =Validierung!B54 -> Frage 17 | C54: =Validierung!C54 -> Inwiefern trägt ihr Unternehmen zu einer hohen Ressourceneffizienz bei: z.B. durch Materialeffizienz (Einsatz von recycleten Materialien oder nachhaltigen Rohstoffen), Ökodesign.. Nachweis! | D54: =Validierung!D54 -> Tabelle ausfüllen (Blatt:Tabellen): Nachhaltige/recycelte Materialien! | F54: =Validierung!F54 -> Zertifikate für Verpackung falls relevant | H54: 6 | J54: 1 punkt für jeden Bereich multipliziert mit jeweiligem % Anteil
A56: bei Bedarf/Änderung | B56: =Validierung!B56 -> Frage 18 | C56: =Validierung!C56 -> Wurden in den letzten 2 Jahren Maßnahmen umgesetzt, um den Einsatz nachhaltiger Ressourcen zu erhöhen? | D56: =Validierung!D56 -> falls zutreffend, bitte „☐“ durch „X“ ersetzen. Mehrfachauswahl möglich. ☐ Reduktion des Resourcenverbrauchs der angebotenen Produkte (product design) ☐ Wiederverwendung von Materialien oder Produkten ☐ Reparatur und längere Nutzung von Geräten ☐ Vermeidung von Einwegprodukten ☐ Reduzierung oder Vermeidung von Verpackungen ☐ Nachhaltige Beschaffung von Produkten und Vorleistungen ☐ Schulung oder Sensibilisierung der Beschäftigten ☐ Digitalisierung und Reduktion Papier- und Büromaterialverbrauch ☐ Sonstige Maßnahme: __________ ☐ Keine Maßnahmen umgesetzt | E56: =Validierung!E56 -> 0 | H56: 1.5 | J56: 25% bei oberen drei Auswahlmöglichkeiten, sonst je 10%, max 100%
A58: bei Bedarf/Änderung | B58: =Validierung!B58 -> Frage 19 | C58: =Validierung!C58 -> Findet im Unternehmen ein ökologisches Beschaffungswesen statt? (Beachtung von ökologischen Aspekten im Einkauf) Nachweis! | D58: =Validierung!D58 -> 0 | E58: =Validierung!E58 -> 0 | F58: =Validierung!F58 -> Einkaufsrichtlinie, Lieferantenkodex, Lieferantenbewertung, | H58: 1 | J58: ja 100% nein 0
A60: bei Bedarf/Änderung | B60: =Validierung!B60 -> Frage 20 | C60: =Validierung!C60 -> Findet im Unternehmen ein ökologisches Office Management statt? (z.B. geringer Papierverbrauch, Leitungswasser anstatt Mineralwasser, Ökoboxen) | D60: =Validierung!D60 -> 0 | E60: =Validierung!E60 -> 0 | H60: 0.5 | J60: ja 100% nein 0
A62: Emissionen | G62: =SUM(H63:H69) -> 5
A63: ja | B63: =Validierung!B63 -> Frage 21 | C63: =Validierung!C63 -> Liegt ein aktuell gültiger CO2-Fußabdruck (Unternehmen, Produkte) vor? Falls der Fußabdruck nur für Unternehmensteile bzw. einzelne Produkte vorliegt, bitte um Erläuterung. Nachweis! | D63: =Validierung!D63 -> 0 | E63: =Validierung!E63 -> 0 | F63: =Validierung!F63 -> CO₂-Bilanz, CO₂-Zertifikat | H63: 2 | J63: Extern geprüft / zertifiziert - 100 % der Punkte Nach anerkannter Methode erstellt, aber nicht extern geprüft - 75 % der Punkte Interne Berechnung mit nachvollziehbarer Methodik - 50 % der Punkte
A65: ja | B65: =Validierung!B65 -> Frage 22 | C65: =Validierung!C65 -> Wie hoch waren ihr Gesamt-Emissionen über alle Standorte (Unternehmen) in den letzten drei Jahren? (t CO2eq/Jahr) | D65: =Validierung!D65 -> Tabelle ausfüllen (Blatt:Tabellen): Emissionen! | H65: 2 | J65: ´- Daten vorhanden: 50% - +25% Im Jahr 3< Jahr1 +25% Wenn die zwei vorherigen Bedingungen erfüllt sind und noch Maßnahmen beschrieben sind
A67: bei Bedarf/Änderung | B67: =Validierung!B67 -> Frage 22a | C67: =Validierung!C67 -> Erläutern Sie die Gründe für Änderungen der Gesamt-Emissionen im angegebenen Zeitraum. (z.B. getätigte Energieeffizienzmaßnahmen/ nachhaltige Mobilität / weniger Dienstreisen / nachhaltige Beschaffung / effiziente IT und Rechenzentren / Sonstige) | E67: =Validierung!E67 -> 0
A69: ja | B69: =Validierung!B69 -> Frage 23 | C69: =Validierung!C69 -> Wenn Sie in den letzten zwei Jahren ein (neues) Projekt zum Thema "Klimaschutz/Klimaforschung" durchgeführt haben, haben Sie hier die Gelegenheit dieses kurz vorzustellen. Nachweis! | D69: =Validierung!D69 -> 0 | E69: =Validierung!E69 -> 0 | F69: =Validierung!F69 -> Projektbeschreibung, link | H69: 1 | J69: volle Punkte wenn inhaltlich neues Projekt & bisher nicht genannt im FB, sonst 0
A71: Mobilität | G71: =SUM(H72:H83) -> 10
A72: ja | B72: =Validierung!B72 -> Frage 24 | C72: =Validierung!C72 -> Wird ein eigener Fuhrpark eingesetzt? (PKW/LKW) Für welche Zwecke? Wieviele Fahrzeuge umfasst dieser? Nachweis! | D72: =Validierung!D72 -> 0 | E72: =Validierung!E72 -> 0 | F72: =Validierung!F72 -> Fuhrparkliste | H72: 6 | J72: volle Punkte wenn auch LKWs im Fuhrpark sind bzw. mehr als 10 PKWs; sonst 50% multipliziert mit u.a. Anteilen:
A74: ja | B74: =Validierung!B74 -> Frage 24a | C74: =Validierung!C74 -> Geben Sie den Anteil der Fahrzeuge pro eingesetzten Treibstoff an. | D74: =Validierung!D74 -> Tabelle ausfüllen (Blatt:Tabellen): Antriebsart! | J74: nur für Plausibilitätscheck
A76: ja | B76: =Validierung!B76 -> Frage 24b | C76: =Validierung!C76 -> Wie hoch war ihr Gesamt-Jahres-Treibstoffbedarf ihres Unternehmensfuhrparks in den letzten drei Jahren? | D76: =Validierung!D76 -> Tabelle ausfüllen (Blatt:Tabellen): Treibstoffbedarf! | J76: ´- Daten vorhanden: 50% - +25% Im Jahr 3< Jahr1 +10% Wenn die zwei vorherigen Bedingungen erfüllt sind und noch Maßnahmen beschrieben sind (außer Umstellung auf E-Mobilität) '+15% wenn mehr als 50% des Fuhrparks auf E-Mobilität (nicht Hybrid) umgestellt ist
A78: ja | B78: =Validierung!B78 -> Frage 24c | C78: =Validierung!C78 -> Erläutern Sie die Gründe für Änderungen des Treibstoffverbrauchs im angegebenen Zeitraum. (z.B. aktive Maßnahmen zur Reduktion des Energieverbrauchs im Transportbereich wie z.B. Elektrifizierung des Fuhrparks oder geänderte Rahmenbedingungen) | E78: =Validierung!E78 -> 0
A80: bei Bedarf/Änderung | B80: =Validierung!B80 -> Frage 25a | C80: =Validierung!C80 -> Haben Sie eine aktuell gültige Richtlinie, um den ökologischen Fußabdruck von Geschäftsreisen zu reduzieren? Inhalt einer solchen Richtlinie ist z. B.: Überprüfung der Notwendigkeit von Geschäftsreisen, Bevorzugung von Online-Besprechungen, Bevorzugung von Bahnreisen gegenüber Flugreisen, Nutzung emissionsarmer Verkehrsmittel. Nachweis! | D80: =Validierung!D80 -> 0 | F80: =Validierung!F80 -> Reiserichtlinie | H80: 2 | J80: 50% wenn Richtlinie vorhanden, volle Punkte wenn auch Monitoring
B81: =Validierung!B81 -> Frage 25b | C81: =Validierung!C81 -> Monitoren Sie Ihre Geschäftsreisen nach ökologischen Gesichtspunkten? (zurückgelegte Strecke, Verkehrsmittel...) Nachweis! | D81: =Validierung!D81 -> 0
A83: bei Bedarf/Änderung | B83: =Validierung!B83 -> Frage 26 | C83: =Validierung!C83 -> Unterstützen Sie ihre Mitarbeiter dabei ,dass sie umweltfreundlich zu Ihrem Standort / Standorten anreisen oder die Anzahl der Anreisen gänzlich vermeiden oder reduzieren können? Falls ja, wie z.B. Jobticket, Homeoffice Regelungen, Bike-leasing,… | D83: =Validierung!D83 -> 0 | E83: =Validierung!E83 -> 0 | H83: 2 | J83: volle Punkte wenn mehrere Maßnahmen, 25% wenn eine Maßnahme, sonst 0
A85: Wasserverbrauch | G85: =SUM(H86:H94) -> 10
A86: bei Bedarf/Änderung | B86: =Validierung!B86 -> Frage 27 | C86: =Validierung!C86 -> In welchen Bereichen ihres Unternehmens ist Wasserverbrauch von Relevanz? Nachweis! | D86: =Validierung!D86 -> falls zutreffend, bitte „☐“ durch „X“ ersetzen. Mehrfachauswahl möglich. ☐ Produktion ☐ Bewässerung von Grünflächen ☐ Sanitäranlagen ☐ Küche ☐ sonstige: ______ | F86: =Validierung!F86 -> Standortübersicht, Prozessbeschreibung, Umweltmanagement-Dokumentation | H86: 7 | J86: volle Punkte erreichbar (100%) wenn Produktion und/oder Bewässerung Grünflächen ausgewählt wurde (sonst max. 50%) multipliziert mit folgenden Anteilen:
A88: ja | B88: =Validierung!B88 -> Frage 27a | C88: =Validierung!C88 -> Wie hoch war ihr Wasserverbrauch über alle Standorte (Unternehmen) in den letzten drei Jahren? (Liter/Jahr) Nachweis! | D88: =Validierung!D88 -> Tabelle ausfüllen (Blatt:Tabellen): Wasserverbrauch! | F88: =Validierung!F88 -> Wasserabrechnungen der Versorger, Zählerstände, Nachhaltigkeitsbericht, internes Monitoring | J88: ´- Daten vorhanden: 50% - +25% Im Jahr 3< Jahr1 +25% Wenn die zwei vorherigen Bedingungen erfüllt sind und noch Maßnahmen beschrieben sind
A90: ja | B90: =Validierung!B90 -> Frage 27b | C90: =Validierung!C90 -> Erläutern Sie die Gründe für Änderungen des Wasserverbrauchs im angegebenen Zeitraum. (z.B. geänderte Umsatz/Produktionsmengen, getätigte Effizienzmaßnahmen) | E90: =Validierung!E90 -> 0
A92: bei Bedarf/Änderung | B92: =Validierung!B92 -> Frage 28 | C92: =Validierung!C92 -> Entsteht bei ihre Unternehmenstätigkeit Abwasser, das über Haushaltmengen hinausgeht? Nachweis! | D92: =Validierung!D92 -> 0 | F92: =Validierung!F92 -> Abwasserabrechnung/Auszug | H92: 3 | J92: 28a. falls Maßnahmen beschrieben aber 28 Abwasser nicht über Haushaltsmengen: 50%, wenn Abwasser 28a nein und keine Maßnahmen: 25% („nicht relevant“)
A94: bei Bedarf/Änderung | B94: =Validierung!B94 -> Frage 28a | C94: =Validierung!C94 -> Welche Maßnahmen, die über die gesetzlichen Vorschriften hinausgehen, werden zur Abwasserbehandlung und -vermeidung vorgenommen? Nachweis! | E94: =Validierung!E94 -> 0 | F94: =Validierung!F94 -> Maßnahmenbericht/link
A96: Abfallstrategie | G96: =SUM(H97:H107) -> 10
A97: bei Bedarf/Änderung | B97: =Validierung!B97 -> Frage 29 | C97: =Validierung!C97 -> Wird ihr Abfallaufkommen getrennt nach Abfallarten erfasst? Nachweis! | D97: =Validierung!D97 -> Tabelle ausfüllen (Blatt:Tabellen): Abfallart! | F97: =Validierung!F97 -> Abfallbilanzen, Entsorgungsnachweise, interne Abfallstatistik, Nachhaltigkeitsbericht | H97: 2
A99: ja | B99: =Validierung!B99 -> Frage 30 | C99: =Validierung!C99 -> Werden Maßnahmen zur Abfallvermeidung oder Wiederverwendung werden umgesetzt? Beschreiben Sie die Maßnahmen (z.B. Anpassungen des Produktdesigns zur Reduzierung des Materialeinsatzes, Verringerung von Ausschuss und Verschnitt in der Produktion, Re- und Upcycling-Maßnahmen, Mehrwegverpackung) und die erzielten Verbesserungen (z.B. sein: Verbesserung der getrennten Abfallsammlung,Verringerung der Abfallmenge, die Zunahme der Wiederverwendung, Reduzierung des Materialverbrauchs, erzielte Kosteneinsparungen.) | D99: =Validierung!D99 -> 0 | E99: =Validierung!E99 -> 0 | H99: 5 | J99: Maßnahmen in der Produktion werden umgesetzt: 50% Maßnahmen in der Produktion werden zusätzlich quantitativ belegt: 75% Maßnahmen bei Verpackungen werden umgesetzt: 12,5% Maßnahmen bei Verpackungen werden zusätzlich quantitativ belegt: 25%
A101: ja | B101: =Validierung!B101 -> Frage 30a | C101: =Validierung!C101 -> Wie viel Abfall konnte aufgrund dessen eingespart werden ? (Aufstellung Art des Abfalls und kg) | E101: =Validierung!E101 -> 0
A103: bei Bedarf/Änderung | B103: =Validierung!B103 -> Frage 31 | C103: =Validierung!C103 -> Werden die Mitarbeiter über richtige Abfallentsorgung informiert (z.B. interne Informationsmaterialien, Kennzeichnungen und Piktogramme, interne Kommunikation, Schulungen oder Weiterbildungen,...)? Wenn ja, wie? Nachweis! | D103: =Validierung!D103 -> 0 | E103: =Validierung!E103 -> 0 | F103: =Validierung!F103 -> ggf. Fotos, links | H103: 1 | J103: volle Punkte wenn ja mind. 2 Maßnahmen und Beschreibung (Info und Beschilderung), 50% wenn ja und Einzelmaßnahme
A105: bei Bedarf/Änderung | B105: =Validierung!B105 -> Frage 32 | C105: =Validierung!C105 -> Fallen in im Rahmen ihrer Unternehmenstätigkeit gefährliche Abfälle an? Falls ja, welche? | D105: =Validierung!D105 -> 0 | E105: =Validierung!E105 -> 0 | H105: 2 | J105: volle Punkte: keine gefährlichen Abfälle; 25% bei Reduktion
A107: bei Bedarf/Änderung | B107: =Validierung!B107 -> Frage 32a | C107: =Validierung!C107 -> Werden Maßnahmen zur Reduktion gefährlicher Abfälle gesetzt? Falls ja, welche? (z.B. Ersatz gefährlicher Stoffe durch weniger gefährliche Alternativen, Reduzierung gefährlicher Abfälle durch technologische Verbesserungen, Optimierung des Einsatzes gefährlicher Stoffe, …) | D107: =Validierung!D107 -> 0 | E107: =Validierung!E107 -> 0
A109: bei Bedarf/Änderung | B109: =Validierung!B109 -> Frage 32b | C109: =Validierung!C109 -> Zusatzfrage: Existieren ökologische Alternativen? | E109: =Validierung!E109 -> 0
A111: Bewusstseinsbildung | G111: 10
A112: bei Bedarf/Änderung | B112: =Validierung!B112 -> Frage 33 | C112: =Validierung!C112 -> Gibt es regelmäßige Mitarbeiterschulungen/Infoveranstaltungen/ Diskussionsgruppen zum Thema Umweltschutz? Nachweis! | D112: =Validierung!D112 -> 0 | E112: =Validierung!E112 -> 0 | F112: =Validierung!F112 -> Nachweis z.B. Schulungsplan, Trainingsunterlagen, interne Kommunikationspläne, Schulungskalender | H112: 3 | J112: volle Punkte 100% wenn monatlich oder häufiger, 50% wenn quartalsweise, sonst 25% bei "ja") multipliziert mit dem Anteil Mitarbeiter erreicht
A114: bei Bedarf/Änderung | B114: =Validierung!B114 -> Frage 33a | C114: =Validierung!C114 -> Wie häufig finden diese statt? | D114: =Validierung!D114 -> 0
A116: bei Bedarf/Änderung | B116: =Validierung!B116 -> Frage 33b | C116: =Validierung!C116 -> Welche Instrumente/Kanäle/Plattformen werden dazu verwendet? | E116: =Validierung!E116 -> 0
A118: bei Bedarf/Änderung | B118: =Validierung!B118 -> Frage 33c | C118: =Validierung!C118 -> Wie hoch ist der Anteil der Mitarbeiter, die über diese Kommunikations-Instrumente involviert werden? [x%] | E118: =Validierung!E118 -> 0
A120: bei Bedarf/Änderung | B120: =Validierung!B120 -> Frage 34 | C120: =Validierung!C120 -> Werden die Mitarbeiter involviert, um Ideen / Ansätze für Nachhaltigkeits-Maßnahmen einzubringen / umzusetzen? Wenn ja, wie und ist dies im Rahmen der Arbeitszeit möglich? (z.B. Ideenboxen, Innovationswerkstätten, …) Nachweis! | D120: =Validierung!D120 -> 0 | E120: =Validierung!E120 -> 0 | F120: =Validierung!F120 -> Nachweise: z.B. interne Rundschreiben, links o.ä. | H120: 1 | J120: ja & Beschreibung: volle Punkte, sonst 0
A122: bei Bedarf/Änderung | B122: =Validierung!B122 -> Frage 34a | C122: =Validierung!C122 -> Welche Themenbereiche werden/wurden dabei fokussiert? (z.B. Energieeffizienz, Klimaschutz und Reduzierung der Treibhausgasemissionen, Wassermanagement, Nachhaltige Mobilität, Biodiversität und Grünflächen,…) | E122: =Validierung!E122 -> 0
A124: ja | B124: =Validierung!B124 -> Frage 35 | C124: =Validierung!C124 -> Wenn Sie in den letzten zwei Jahren ein Projekt zum Thema "Bewusstseinsbildung INTERN" (in Hinblick auf Nachhaltigkeitsthemen) durchgeführt haben, haben Sie hier die Gelegenheit dieses kurz vorzustellen. (z.B.: Interne Wettbewerbe und Challenges) Nachweis! | D124: =Validierung!D124 -> 0 | E124: =Validierung!E124 -> 0 | F124: =Validierung!F124 -> z.B. Fotos, links | H124: 1 | J124: volle Punkte wenn inhaltlich neues Projekt & bisher nicht genannt im FB, sonst 0
A126: ja | B126: =Validierung!B126 -> Frage 36 | C126: =Validierung!C126 -> Haben Sie in den letzten zwei Jahren besondere umwelt- bzw. nachhaltigkeitsrelevante Auszeichnungen, mit Ausnahme von Green Brands erhalten oder waren Sie nominiert? Wenn ja, welche? (z.B. Klimaschutzpreis, Nachhaltigkeitspreis, Umweltpreis, Energy Globe etc.) Nachweis! | D126: =Validierung!D126 -> 0 | E126: =Validierung!E126 -> 0 | F126: =Validierung!F126 -> Zertifikat | H126: 4 | J126: volle Punkte bei Auszeichnung (GB gilt nicht), 50% bei Nominierung
A128: ja | B128: =Validierung!B128 -> Frage 37 | C128: =Validierung!C128 -> Gab es in den letzten zwei Jahren gezielte Kooperationen mit NGOs, wissenschaftlichen Einrichtungen, Verbänden, Gemeinden etc. zum Thema Klimaschutz? Wenn ja, welche? | D128: =Validierung!D128 -> 0 | E128: =Validierung!E128 -> 0 | H128: 1 | J128: ja & Beschreibung: volle Punkte, sonst 0
A130: Förderung nachhaltigen Konsums | G130: =SUM(H131:H139) -> 5
A131: bei Bedarf/Änderung | B131: =Validierung!B131 -> Frage 38 | C131: =Validierung!C131 -> Produktdesign: Sind Ihre Produkte so konzipiert, dass Komponenten der Produkte ausgetauscht werden können, um die Nutzungsdauer zu verlängern bzw. nach der Ende der Nutzungsdauer in Einzelkomponenten zerlegt und korrekt entsorgt oder retourniert werden können? Falls ja, Erklärung. | D131: =Validierung!D131 -> 0 | E131: =Validierung!E131 -> 0 | F131: =Validierung!F131 -> Dokumentation/Beilage. Z.B Produktbeschreibung | H131: 1 | J131: ja & Beschreibung: volle Punkte, sonst 0; bzw. nicht relevant: halbe Punkte
A133: bei Bedarf/Änderung | B133: =Validierung!B133 -> Frage 39 | C133: =Validierung!C133 -> Bieten Sie für Ihre Produkte alternative, ökologisch attraktive Geschäftsmodelle (z.B. mieten statt kaufen) ? Falls ja, Erklärung. | D133: =Validierung!D133 -> 0 | E133: =Validierung!E133 -> 0 | H133: 1 | J133: ja & Beschreibung: volle Punkte, sonst 0; bzw. nicht relevant: halbe Punkte
A135: bei Bedarf/Änderung | B135: =Validierung!B135 -> Frage 40 | C135: =Validierung!C135 -> Nehmen Sie kaputte Produkte von Ihren Kunden wieder zurück? J/N, Nicht relevant; wenn ja: Erklärung: Wie fördern Sie die Rückholung von Produkten? | D135: =Validierung!D135 -> 0 | E135: =Validierung!E135 -> 0 | H135: 1 | J135: ja & Beschreibung: volle Punkte, sonst 0; bzw. nicht relevant: halbe Punkte
A137: bei Bedarf/Änderung | B137: =Validierung!B137 -> Frage 41 | C137: =Validierung!C137 -> Werden Reparaturdienstleistungen hausintern angeboten oder organisiert? Falls ja, Erklärung. | D137: =Validierung!D137 -> 0 | E137: =Validierung!E137 -> 0 | H137: 1 | J137: ja & Beschreibung: volle Punkte, sonst 0; bzw. nicht relevant: halbe Punkte
A139: bei Bedarf/Änderung | B139: =Validierung!B139 -> Frage 42 | C139: =Validierung!C139 -> Gibt es eine Garantieleistung welche über das gesetzliche Maß hinaus geht? Falls ja, Erklärung. | D139: =Validierung!D139 -> 0 | E139: =Validierung!E139 -> 0 | H139: 1 | J139: ja & Beschreibung: volle Punkte, sonst 0; bzw. nicht relevant: halbe Punkte
A141: Ergebnis | G141: =SUM(G4,G11,G20,G51,G62,G71,G85,G96,G111,G130) -> 100 | H141: =SUM(H3:H139) -> 100 | I141: =SUM(I5:I139) -> 0

Sheet Tabellen
A1: Fragen betreffen alle Standorte des Unternehmens:
A2: Hinweis: Bei Gesamtverbräuchen sind alle relevanten Standorte des validierten Unternehmens im betreffenden Land zu berücksichtigen. Gleichartige Standorte können zusammengefasst werden. Netzbezug und PV sind getrennt auszuweisen.
A4: Frage 8: | B4: Jahresstromverbrauch
B5: Jahr | C5: Standort 1:…........[MWh] | D5: Standort 2:…........[MWh] | E5: Standort 3:…........[MWh] | F5: Standort n:…........[MWh]
B6: 2023
B7: 2024 | H7: ggf. Spalten einfügen
B8: 2025
A11: Frage 9: | B11: Wärmeverbrauch | C11: Standort 1:…........ | E11: Standort 2:…........ | G11: Standort 3:…........
B12: Jahr | C12: [MWh] | D12: davon Anteil Prozesswärme (%) | E12: [MWh] | F12: davon Anteil Prozesswärme (%) | G12: [MWh] | H12: davon Anteil Prozesswärme (%)
B13: 2023
B14: 2024
B15: 2025
A18: Frage 12: | B18: Energieträger & kWh: | C18: Bezugsjahr:
B19: Energieträger / Wärmequelle | C19: Verbrauch in MWh/Jahr | D19: Anteil am Gesamtwärmeverbrauch in % | E19: Bemerkung
B20: Erdgas
B21: Heizöl
B22: Fernwärme | E22: Bitte hier die eingesetzten Energieträger anführen, z.B. Hackschnitzel, Abfall, Erdgas, Abwärme
B23: Biomasse
B24: Wärmepumpe | E24: Bitte hier die eingesetzte Stromquelle anführen: z.B. Netzbezug oder PV Strom
B25: Solarthermie
B26: Geothermie
B27: Sonstige | E27: Bitte erläutern
B28: Summe | C28: =SUM(C20:C27) -> 0 | D28: =SUM(D20:D27) -> 0
A31: Frage 14: | B31: Energieeffizienzklasse
B32: Standort | C32: HWB kWh/m² BGF-Ref | D32: BGF (m²)
B33: Standort 1
B34: Standort 2
B35: Standort 3
B36: Standort 4
B37: ggf. weitere Zeilen einfügen
A40: Frage 17: | B40: Nachhaltige Materialien | C40: Bezugsjahr:
B41: Bereich | C41: Nachhaltige Materialien verwendet? | D41: Anteil in % | E41: Welche nachhaltige Materialien?(z.B. biobasierte Rohstoffe, Recyclingkunststoff, FSC Holz..) | F41: wird Mehrweg genutzt? | G41: Nachweis
B42: Produkte | G42: bitte beilegen
B43: Verpackungen | G43: bitte beilegen
B44: Transportverpackungen | G44: bitte beilegen
A47: Frage 22: | B47: Emissionen
B48: Jahr | C48: Emissionen [ t CO2eq]
B49: 2023
B50: 2024
B51: 2025
A55: Frage 24a: | B55: Antriebsart | C55: Bezugsjahr:
B56: Antriebsart | C56: Anzahl Fahrzeuge
B57: Diesel
B58: Benzin
B59: Hybrid
B60: BEV / Elektro
B61: Sonstige
B62: Gesamt
A65: Frage 24b: | B65: Treibstoffbedarf
B66: Jahr | C66: Diesel [Liter/Jahr] | D66: Benzin [Liter/Jahr] | E66: Strom [kWh/Jahr] | F66: Sonstiges [Einheit]
B67: 2023
B68: 2024
B69: 2025
A73: Frage 27a: | B73: Wasserverbrauch
B74: Jahr | C74: Standort 1:…........[l/Jahr] | D74: Standort 2:…........[l/Jahr] | E74: Standort 3:…........[l/Jahr] | F74: Standort n:…........[l/Jahr]
B75: 2023
B76: 2024
B77: 2025
A80: Frage 29: | B80: Abfallart | C80: Bezugsjahr:
B81: Abfallart | C81: Wird getrennt erfasst? Ja/Nein | D81: Menge pro Jahr | E81: Einheit [kg oder t] (bitte eintragen) | F81: Verwertung / Entsorgung Bitte erläutern
B82: Papier / Karton
B83: Kunststoff
B84: Metall
B85: Glas
B86: Holz
B87: Bioabfall
B88: Restmüll
B89: Gefährliche Abfälle
B90: Sonstige Abfälle
B91: Gesamt | D91: =SUM(D82:D90) -> 0

Sheet Auswahlmöglichkeiten
C2: Zertifizierung | E2: ja
C3: Gütesiegel | E3: nein
C4: Taxonomie-Konformität | E4: nicht relevant
C5: externe Bewertung
C6: eigene Kennzahlen oder Berechnungen
C7: kein Nachweis
C8: sonstige
C11: -max. 15 kWh/m² BGF-Ref (Passivhaus) und geringer
C12: -max. 25 kWh/m² BGF-Ref (Niedrigenergiehaus)
C13: -max. 50 kWh/m² BGF-Ref (Energiesparhaus)
C14: -max. 100 kWh/m² BGF-Ref
C15: -höher als 100 kWh/m² BGF-Ref
C16: unbekannt
C19: A) ja zum Gesamtunternehmen
C20: b) nur zu einzelnen Produkten
... C72: Andere

Sheet Ergebnisübersicht

Sheet Rückfragen
